 Dungeon Crawl Stone Soup version 0.21.1-1-g345015fe64 (webtiles) character file.

52 Lothor the Firebug (level 3, -6/26 HPs)
             Began as a Draconian Fire Elementalist on Apr 1, 2018.
             Mangled by Crazy Yiuf
             ... wielding a +4 quarterstaff of chaos
              (8 damage)
             ... on level 2 of the Dungeon.
             The game lasted 00:06:00 (1264 turns).

Lothor the Firebug (Draconian Fire Elementalist)    Turns: 1264, Time: 00:06:00

Health: -6/26      AC:  5    Str: 10    XL:     3   Next: 60%
Magic:  0/7        EV: 12    Int: 16    God:
Gold:   90         SH:  0    Dex: 11    Spells: 4/7 levels left

rFire    . . .     SeeInvis .   d - +0 hunting sling
rCold    . . .     Gourm    .   (no shield)
rNeg     . . .     Faith    .   (armour unavailable)
rPois    .         Spirit   .   o - +0 hat
rElec    .         Reflect  .   (no cloak)
rCorr    .         Harm     .   (no gloves)
MR       .....                  (no boots)
Stlth    ++........             (no amulet)
HPRegen  0.08/turn              (no ring)
MPRegen  0.10/turn              (no ring)

@: no status effects
A: unfitting armour, cold-blooded, AC +5
a: no special abilities


You were on level 2 of the Dungeon.
You were hungry.

You visited 1 branch of the dungeon, and saw 2 of its levels.

You collected 90 gold pieces.

Inventory:

Hand Weapons
 d - a +0 hunting sling (weapon)
 q - a +0 hand axe of draining
Missiles
 e - 35 bolts
 i - 41 stones (quivered)
Armour
 o - a +0 hat (worn)
Scrolls
 c - 2 scrolls of random uselessness {unknown}
 f - a scroll of remove curse
 h - a scroll of identify
 j - a scroll of amnesia {unknown}
 k - a scroll of blinking {unknown}
 p - a scroll of magic mapping {unknown}
Potions
 g - a potion of berserk rage {unknown}
 n - a potion of flight {unknown}
Books
 a - a book of Flames

   Spells                             Type                      Level
   a - Flame Tongue                   Conjuration/Fire             1
   b - Throw Flame                    Conjuration/Fire             2
   c - Conjure Flame                  Conjuration/Fire             3
   d - Inner Flame                    Hexes/Fire                   3
   e - Sticky Flame                   Conjuration/Fire             4
   f - Fireball                       Conjuration/Fire             5
 m - a book of Maledictions

   Spells                             Type                      Level
   a - Corona                         Hexes                        1
   b - Ensorcelled Hibernation        Hexes/Ice                    2
   c - Confuse                        Hexes                        3
   d - Tukima's Dance                 Hexes                        3
   e - Dazzling Spray                 Conjuration/Hexes            3
Comestibles
 b - 6 rations
 l - a chunk of flesh


   Skills:
 + Level 2.0 Dodging
 + Level 1.9 Stealth
 + Level 2.8 Spellcasting
 + Level 1.4 Conjurations
 + Level 3.6 Fire Magic


You had 4 spell levels left.
You knew the following spells:

 Your Spells              Type           Power        Failure   Level  Hunger
a - Flame Tongue          Conj/Fire      ##...        7%          1    #......
b - Throw Flame           Conj/Fire      ##....       11%         2    ##.....


Dungeon Overview and Level Annotations

Branches:
Dungeon (2/15)

Altars:
Okawaru

Annotations:
D:2 Crazy Yiuf


Innate Abilities, Weirdness & Mutations

Your plain brown scales are hard. (AC +5)
You cannot fit into any form of body armour.
You are cold-blooded and may be slowed by cold attacks.


Message History

Casting: Flame Tongue
Confirm with . or Enter, or press ? or * to list all spells.
Aiming: Flame Tongue
Press: ? - help, Shift-Dir - straight line, f/p - Crazy Yiuf
Aim: Crazy Yiuf, wielding a quarterstaff of chaos and wearing a runed cloak (severely wounded)
The flame tongue hits Crazy Yiuf.
Crazy Yiuf is almost dead.
Crazy Yiuf hits you with a quarterstaff of chaos!
* * * LOW HITPOINT WARNING * * *
Crazy Yiuf sings, "Trees, trees, trees, circus!"
You see here a club.
Casting: Flame Tongue
Confirm with . or Enter, or press ? or * to list all spells.
Aiming: Flame Tongue
Press: ? - help, Shift-Dir - straight line, f/p - Crazy Yiuf
Aim: Crazy Yiuf, wielding a quarterstaff of chaos and wearing a runed cloak (almost dead)
The flame tongue hits Crazy Yiuf.
Crazy Yiuf appears unharmed.
Crazy Yiuf is almost dead.
Crazy Yiuf hits you with a quarterstaff of chaos!
You die...

##.# ##......### ##.### #.#
##.# ######...####..# ###.##
##.# ########.#.>.#..##
#....# ...#
#......#.###...#####....#
...# #>.......#
##...........# ...##
#.......## ##.#.........#
.#..# #.......#
#..#.........# ....#
#.......####.##.....#####
....# #........@g..##.....#
.#..# #......####..)......#
...#####....>.##....##.....#
..............##....##.....#
..######............##.....#
### #########....##.....# #
#....######## #....# #....#


You could see Crazy Yiuf.

Vanquished Creatures
  Terence (D:2)
  2 leopard geckos (D:2)
  2 giant cockroaches
  2 goblins (D:2)
  4 hobgoblins
  A quokka (D:2)
  3 bats (D:2)
  2 frilled lizards (D:1)
  3 kobolds
  5 rats
25 creatures vanquished.

Notes
Turn   | Place    | Note
-------+----------+-------------------------------------------
     0 | D:1      | Lothor the Draconian Fire Elementalist began the quest for the Orb.
     0 | D:1      | Reached XP level 1. HP: 14/14 MP: 3/3
   539 | D:2      | Reached XP level 2. HP: 20/20 MP: 3/5
   686 | D:2      | Noticed Terence
   724 | D:2      | Killed Terence
   724 | D:2      | Reached XP level 3. HP: 18/26 MP: 0/7
   967 | D:2      | Learned a level 2 spell: Throw Flame
  1137 | D:2      | Found an iron altar of Okawaru.
  1197 | D:2      | Found a runed door.
  1201 | D:2      | Noticed Crazy Yiuf
  1253 | D:2      | HP: 1/26 [Crazy Yiuf/quarterstaff of chaos (7)]
  1264 | D:2      | Mangled by Crazy Yiuf

Skill      XL: |  1  2 |
---------------+-------+-----
Dodging        | 2 |  2.0
Stealth        | |  1.9
Spellcasting   | |  2.8
Conjurations   | |  1.4
Fire Magic     | |  3.6

Action                   || total
-------------------------++-------
Melee: Short sword       ||     5
 Fire: Hunting sling     ||     8
 Cast: Flame Tongue      ||    41
       Throw Flame       ||     6
  Use: Scroll            ||     2
  Eat: Chunk             ||     1
Armor: Skin              ||     5
Dodge: Dodged            ||    10
